 Dungeon Crawl Stone Soup version 0.20.0-8-g6b59dc7 (webtiles) character file.

6757 theElss the Thaumaturge (level 10, -11/52 HPs)
             Began as a Deep Elf Conjurer on June 2, 2017.
             Was a Believer of Vehumet.
             Mangled by a warg (17 damage)
             ... on level 8 of the Dungeon.
             The game lasted 00:35:35 (10841 turns).

theElss the Thaumaturge (Deep Elf Conjurer)        Turns: 10841, Time: 00:35:36

Health: -11/52     AC:  6    Str:  5    XL:     10   Next: 75%
Magic:  4/28       EV: 14    Int: 26    God:    Vehumet [**....]
Gold:   355        SH:  6    Dex: 15    Spells: 17/33 levels left

rFire    . . .     SeeInvis .   F - +2 rapier of Veijoneh {drain, rC+ Int+2}
rCold    + . .     Gourm    .   J - +0 buckler
rNeg     . . .     Faith    .   a - +0 robe
rPois    .         Spirit   .   (no helmet)
rElec    .         Reflect  .   o - +0 cloak
rCorr    +         Harm     .   p - +2 pair of gloves
MR       ++...                  (no boots)
Stlth    +++.......             (no amulet)
Regen    0.2/turn               n - ring of protection from magic
MPRegen  0.3/turn               G - ring of resist corrosion

@: no status effects
A: no striking features
a: Renounce Religion


You were on level 8 of the Dungeon.
You worshipped Vehumet.
Vehumet was pleased with you.
You were not hungry.

You visited 2 branches of the dungeon, and saw 10 of its levels.

You collected 377 gold pieces.
You spent 22 gold pieces at shops.

Inventory:

Hand Weapons
 j - a +0 short sword of venom
 F - the +2 rapier of Veijoneh (weapon) {drain, rC+ Int+2}
   (You found it on level 7 of the Dungeon)

   A truly terrible weapon, it drains the life of those it strikes.
   It affects your intelligence (+2).
   It protects you from cold.
Armour
 a - a +0 robe (worn)
 e - a +0 shield
 o - a +0 cloak (worn)
 p - a +2 pair of gloves (worn)
 J - a +0 buckler (worn)
Jewellery
 n - a ring of protection from magic (left hand)
 G - a ring of resist corrosion (right hand)
 M - a +6 ring of evasion {unknown}
Wands
 g - a wand of lightning (4/15)
 x - a wand of flame (42/48)
 D - a wand of enslavement (13/24)
Scrolls
 l - 2 scrolls of amnesia
 u - 2 scrolls of teleportation
 v - a scroll of fear {unknown}
 y - a scroll of remove curse {unknown}
 B - a scroll of fog {unknown}
 E - a scroll of recharging {unknown}
 I - a scroll of noise {unknown}
 K - a scroll of holy word {unknown}
Potions
 f - a potion of curing
 h - a potion of brilliance
 i - a potion of might {unknown}
 m - a potion of mutation {unknown}
 q - a potion of lignification {unknown}
 r - a potion of cancellation {unknown}
 t - 2 potions of agility
 w - a potion of haste {unknown}
 z - a potion of flight {unknown}
 C - 2 potions of degeneration
 H - a potion of heal wounds {unknown}
Books
 b - a book of Conjurations

   Spells                             Type                      Level
   a - Magic Dart                     Conjuration                  1
   b - Searing Ray                    Conjuration                  2
   c - Dazzling Spray                 Conjuration/Hexes            3
   d - Fulminant Prism                Conjuration/Hexes            4
   e - Force Lance                    Conjuration/Translocation    4
   f - Iskenderun's Mystic Blast      Conjuration                  4
 s - a book of Misfortune

   Spells                             Type                      Level
   a - Confusing Touch                Hexes                        1
   b - Confuse                        Hexes                        3
   c - Gell's Gravitas                Translocation                3
   d - Petrify                        Transmutation/Earth          4
   e - Metabolic Englaciation         Hexes/Ice                    5
   f - Yara's Violent Unravelling     Hexes/Transmutation          5
Comestibles
 c - 7 bread rations
 d - a fruit
 k - 12 royal jellies
 A - 3 meat rations
 L - 2 chunks of flesh


   Skills:
 - Level 1.4 Fighting
 - Level 0.8 Short Blades
 - Level 4.1 Dodging
 - Level 5.0 Stealth
 + Level 6.9 Shields
 - Level 12.2 Spellcasting
 - Level 11.2 Conjurations


You had 17 spell levels left.
You knew the following spells:

 Your Spells              Type           Power        Failure   Level  Hunger
a - Magic Dart            Conj           ####         1%          1    None
b - Force Lance           Conj/Tloc      #####...     3%          4    None
c - Searing Ray           Conj           ######       1%          2    None
d - Iskenderun's Mystic   Conj           ######..     1%          4    None
e - Fulminant Prism       Conj/Hex       #####.....   3%          4    None
f - Flame Tongue          Conj/Fire      #####        1%          1    None


Dungeon Overview and Level Annotations

Branches:
Dungeon (9/15)             Temple (1/1) D:4            Lair (0/6) D:8
    Orc: D:9-12

Altars:
Ashenzari
Cheibriados
Dithmenos
Elyvilon
Fedhas
Gozag
Hepliaklqana
Kikubaaqudgha
Makhleb
Nemelex Xobeh
Okawaru
Qazlal
Ru
Sif Muna
Trog
Uskayaw
Vehumet
Xom
Yredelemnul
Zin
The Shining One

Shops:
D:4 *


Message History

Press: ? - help, Shift-Dir - straight line, f - warg
Aim: a warg The searing ray misses the warg. (Press . to maintain the ray.)
The warg closely misses you. The warg misses you.
The searing ray hits the warg.
The warg is lightly wounded.
The warg bites you!
The searing ray hits the warg.
The warg is heavily wounded.
The warg bites you!
* * * LOW HITPOINT WARNING * * *
Casting: Searing Ray
Confirm with . or Enter, or press ? or * to list all spells.
Aiming: Iskenderun's Mystic Blast
Press: ? - help, Shift-Dir - straight line, f/p - warg
Aim: a warg (heavily wounded)
The orb of energy misses the warg.
The orb of energy explodes!
The warg bites you!
You die...

#.#......# #########..........
#.#......# #..................
#.#...<#.####..................
#..........##...(..............
####..##.#.#..............##..)
#........#.#...................
#.##..####................#####
###.##...).......).....##...#####
.....).####.....@......'....'.)))
###....# #.....h#[...).#[....####
....#.####......####'##.≈.≈.≈.#
.......................≈##'##≈#
......####.............##...###
#.#.#.####.#...#.#.#...##.#.#
....#+#................##...#
#........#.....#.#.#...###'######
+........+.#.........#.# #.# #...


You could see a warg.

Vanquished Creatures
  4 two-headed ogres (D:8)
  Pikel (D:6)
  The ghost of inmateoo the Grappler, a novice BaHu (D:6)
  A wyvern (D:9)
  Menkaure (D:7)
  The ghost of stringdemon the Gusty, an amateur TeAE (D:4)
  Duvessa (D:7)
  2 hell hounds (D:8)
  A necrophage (D:5)
  A sky beast (D:6)
  2 slaves
  A phantom (D:5)
  An ice beast (D:8)
  A centaur (D:7)
  3 ogres
  2 big kobolds (D:8)
  4 bullfrogs
  Dowan (D:7)
  A wyvern skeleton (D:8)
  2 scorpions
  7 crimson imps
  A centaur zombie (D:9)
  3 hounds
  5 jellies
  3 orc priests
  An iguana (D:4)
  5 worker ants
  11 orc wizards
  A killer bee zombie (D:8)
  A hound zombie (D:7)
  A hound skeleton (D:6)
  A mummy (D:6)
  A worker ant zombie (D:7)
  3 gnolls (D:5)
  10 adders
  8 oozes
  An adder zombie (D:6)
  2 adder skeletons (D:4)
  9 worms
  4 dart slugs
  7 leopard geckos
  35 orcs
  A ball python (D:3)
  8 giant cockroaches
  5 hobgoblins
  9 jackals
  24 kobolds
  2 quokkas
  12 bats
  9 frilled lizards
  5 goblins
  A quokka skeleton (D:4)
  12 rats
240 creatures vanquished.

Vanquished Creatures (others)
  A slave (D:7)
  An ogre (D:6)
  2 centaurs
  A bullfrog zombie (D:7)
  A fulminant prism (D:3)
6 creatures vanquished.

Grand Total: 246 creatures vanquished

Notes
Turn   | Place    | Note
-------+----------+-------------------------------------------
     0 | D:1      | theElss the Deep Elf Conjurer began the quest for the Orb.
     0 | D:1      | Reached XP level 1. HP: 10/10 MP: 6/6
   296 | D:1      | Reached XP level 2. HP: 15/15 MP: 6/8
   842 | D:1      | Reached skill level 5 in Conjurations
  1078 | D:2      | Reached XP level 3. HP: 19/19 MP: 1/10
  1140 | D:1      | Learned a level 2 spell: Searing Ray
  1390 | D:2      | Reached skill level 4 in Spellcasting
  1690 | D:2      | Reached XP level 4. HP: 24/24 MP: 8/12
  2203 | D:2      | Reached skill level 5 in Spellcasting
  2449 | D:2      | Reached XP level 5. HP: 20/28 MP: 9/14
  2733 | D:3      | Learned a level 4 spell: Force Lance
  2738 | D:3      | Learned a level 4 spell: Fulminant Prism
  2805 | D:3      | Found a white marble altar of Elyvilon.
  2818 | D:3      | Noticed an ice beast
  3210 | D:3      | Noticed a moth of wrath
  3214 | D:3      | Found a bloodstained altar of Trog.
  3565 | D:2      | Reached XP level 6. HP: 32/32 MP: 14/16
  3571 | D:2      | Learned a level 4 spell: Iskenderun's Mystic Blast
  3618 | D:4      | Noticed stringdemon's ghost (amateur TeAE)
  3620 | D:4      | Killed stringdemon's ghost
  3620 | D:4      | Reached skill level 6 in Spellcasting
  3912 | D:4      | Reached XP level 7. HP: 36/36 MP: 12/19
  3963 | D:4      | Found Votour's General Store.
  3971 | D:4      | Bought a scroll of identify for 22 gold pieces
  4184 | D:4      | Reached skill level 7 in Spellcasting
  4800 | D:4      | Found a staircase to the Ecumenical Temple.
  4809 | Temple   | Entered the Ecumenical Temple
  4907 | Temple   | Became a worshipper of Vehumet
  5009 | D:5      | Entered Level 5 of the Dungeon
  5245 | D:5      | Reached skill level 8 in Spellcasting
  5435 | D:5      | Reached XP level 8. HP: 41/41 MP: 0/22
  6033 | D:5      | Found a shimmering altar of Xom.
  6039 | D:5      | Reached skill level 5 in Stealth
  6382 | D:6      | Found a hide-covered altar of Uskayaw.
  6382 | D:6      | Found an opulent altar of Gozag.
  6405 | D:6      | Reached skill level 9 in Spellcasting
  6536 | D:6      | Reached * piety under Vehumet
  6536 | D:6      | Offered knowledge of Freeze by Vehumet.
  6650 | D:6      | Noticed inmateoo's ghost (novice BaHu)
  6965 | D:6      | Killed inmateoo's ghost
  6965 | D:6      | Reached skill level 10 in Spellcasting
  7505 | D:7      | Found a sparkling altar of Nemelex Xobeh.
  7505 | D:7      | Noticed Pikel
  7518 | D:6      | Killed Pikel
  7518 | D:6      | Reached skill level 1 in Fighting
  7518 | D:6      | Reached XP level 9. HP: 19/47 MP: 6/25
  7768 | D:7      | Reached skill level 10 in Conjurations
  7774 | D:7      | Noticed Menkaure
  7777 | D:7      | Killed Menkaure
  7777 | D:7      | Reached skill level 11 in Spellcasting
  8092 | D:7      | Noticed Duvessa
  8095 | D:7      | Killed Duvessa
  8098 | D:7      | Noticed Dowan
  8100 | D:7      | Killed Dowan
  8501 | D:7      | Got a jewelled rapier
  8609 | D:7      | Found a shattered altar of Ashenzari.
  8755 | D:7      | Identified the +2 rapier of Veijoneh {drain, rC+ Int+2} (You found it on level 7 of the Dungeon)
  8782 | D:8      | Noticed a two-headed ogre
  8786 | D:8      | Killed a two-headed ogre
  8786 | D:8      | Reached skill level 12 in Spellcasting
  9041 | D:8      | Reached skill level 1 in Shields
  9041 | D:8      | Reached XP level 10. HP: 52/52 MP: 2/28
  9278 | D:8      | Noticed a two-headed ogre
  9281 | D:8      | Killed a two-headed ogre
  9514 | D:8      | Reached ** piety under Vehumet
  9572 | D:8      | Found a staircase to the Lair.
  9594 | D:8      | Offered knowledge of Flame Tongue by Vehumet.
  9609 | D:8      | Learned a level 1 spell: Flame Tongue
 10353 | D:9      | Offered knowledge of Static Discharge by Vehumet.
 10353 | D:9      | Reached skill level 5 in Shields
 10413 | D:8      | Noticed a two-headed ogre
 10434 | D:8      | Killed a two-headed ogre
 10599 | D:8      | Noticed a two-headed ogre
 10602 | D:8      | Killed a two-headed ogre
 10841 | D:8      | Mangled by a warg

Skill      XL: |  1  2  3  4  5  6  7  8  9 10 |
---------------+-------------------------------+-----
Conjurations   | 5 6 7 9 11 | 11.2
Spellcasting   | 4 5 6 8 10 12 | 12.2
Stealth        | 3 4 5 |  5.0
Dodging        | 3 4 |  4.1
Fighting       | 1 |  1.4
Shields        | 1 6 |  6.9
Short Blades   | |  0.8

Action                   |  1- 3 |  4- 6 |  7- 9 | 10-12 || total
-------------------------+-------+-------+-------+-------++-------
Melee: Short sword       |       |       |     9 |       ||     9
       Rapier            |       |       |       |     5 ||     5
 Cast: Magic Dart        |    83 |    70 |    89 |    12 ||   254
       Searing Ray       |     3 |    21 |    23 |    10 ||    57
       Fulminant Prism   |       |     1 |       |       ||     1
       Iskenderun's Myst |       |     5 |    73 |    46 ||   124
  Use: Scroll            |       |       |     6 |       ||     6
  Eat: Chunk             |     2 |     8 |    18 |     5 ||    33
Armor: Robe              |       |     7 |    14 |     5 ||    26
Dodge: Dodged            |     7 |    19 |    31 |    21 ||    78
Block: Buckler           |       |       |       |    12 ||    12
